 Dungeon Crawl Stone Soup version 0.30-a0-304-gdc4b735fe1 (webtiles) character file.

Game seed: 2848182111464444096

33 blackman the Insei (level 3, -1/30 HPs)
             Began as a Djinni Chaos Knight on Oct 20, 2022.
             Was a Plaything of Xom.
             Slain by a sun demon (6 damage)
             ... summoned by Xom
             ... on level 1 of the Dungeon.
             The game lasted 00:03:25 (634 turns).

blackman the Insei (Djinni Chaos Knight)             Turns: 634, Time: 00:03:26

Health: -1/30      AC:  6    Str: 11    XL:     3   Next: 47%
Gold:   50         EV: 11    Int: 15    God:    Xom [......] SH:  0 Dex: 12

rFire   + + .      SeeInvis .    d - +3 dagger
rCold   x . .      Faith    .    (no shield)
rNeg    . . .      Spirit   .    a - +2 leather armour
rPois   ∞          Reflect  .    (no helmet)
rElec   .          Harm     .    (no cloak)
rCorr   .          Rampage  .    f - +0 pair of gloves
Will    .....                    (boots unavailable)
Stlth   +.........               (no amulet)
HPRegen 0.25/turn                (no ring)
MPRegen 0.00/turn                (no ring)

@: flying
A: sickness immunity, fire resistance 2, cold vulnerability 1, float, innate
caster, HP casting, extra vitality 1
a: Renounce Religion


You were on level 1 of the Dungeon.
You worshipped Xom.
You were a very special plaything of Xom.
You visited 1 branch of the dungeon, and saw 1 of its levels.

You collected 50 gold pieces.

Inventory:

Hand Weapons
 d - a +3 dagger (weapon)
Armour
 a - a +2 leather armour (worn)
 f - a +0 pair of gloves (worn)
Potions
 c - a potion of heal wounds {unknown}
 e - a potion of degeneration {unknown}
Miscellaneous
 b - a piece from Xom's chessboard (12/15) (quivered)


   Skills:
 - Level 3.0 Fighting
 - Level 1.0 Armour
 - Level 2.1 Dodging
 - Level 3.0 Unarmed Combat
 * Level 2.1 Spellcasting


You had 5 spell levels left.
You knew the following spells:

 Your Spells              Type           Power      Damage    Failure   Level
a - Sandblast             Erth           14%        2d6       12%         1
Your spell library was empty.

Dungeon Overview and Level Annotations

Branches:
Dungeon (1/15)

Altars:


Innate Abilities, Weirdness & Mutations

You are immune to sickness and miasma.
You are immune to poison.
Your flesh is very heat resistant. (rF++)
You are vulnerable to cold. (rC-)
You float through the air rather than walking.
You learn spells naturally, not from books.
Your magical power is your life essence.
You have superior vitality. (+4 MHP)


Message History

Key pressed, stopping explore.
You now have 33 gold pieces (gained 5).
You see here a giant cockroach corpse.
Key pressed, stopping explore.
You now have 40 gold pieces (gained 7).
You now have 50 gold pieces (gained 10).
Found a pair of gloves.
You see here a +0 pair of gloves.
e - a murky cyan potion Unknown command.
You see here a +0 pair of gloves.
f - a +0 pair of gloves You start putting on your armour.
You continue putting on your +0 pair of gloves. x4
You finish putting on your +0 pair of gloves.
Key pressed, stopping explore. "Time to have some fun!"
There are monsters nearby!
Press: ? - help, . - travel You can't see that place. [a rock wall.] Unknown command.
Unknown command.
Unknown command.
Unknown command.
Unknown command.
Unknown command.
You make a move on Xom's chessboard...
The crimson imp easily resists.
You make a move on Xom's chessboard...
The crimson imp easily resists.
The sun demon hits you but does no damage.
You make a move on Xom's chessboard...
The sun demon resists with almost no effort.
The sun demon hits you!!
Ouch! That really hurt!
* * * LOW HITPOINT WARNING * * *
A shower of butterflies erupts from you!
You are engulfed in flames.
You resist.
You die...

........#
#..###########.####...
#.....#.# #..# #.##.....
#.....#.# #..# #.##.##.#
###.###.####..#
#.##.##.#
..............#
#........
#.###.....###.#
#.##.##.#
#.####.###.##.#
#.##.##.# ......##
##.#.###########.##.....
.####.#
#...53@bb...[...#####.#
.# #.##
##.##b######.....)......
.# #..###.###.#
.#######.... .#
#.#...####.## ##.....
.####.##.####.#.##
#......
......##.....###.#
#####......
.############.#..#
#..†...>... .# #..#.# #
#.###.##... .# #.##.#
#.#.###......


You could see a sun demon (summoned, ally target) and a crimson imp (summoned).

Vanquished Creatures
  A gnoll (D:1)
  3 endoplasms (D:1)
  A giant cockroach (D:1)
  4 goblins (D:1)
  4 jackals (D:1)
  A kobold (D:1)
  A quokka (D:1)
  A ball python (D:1)
  3 bats (D:1)
  2 rats (D:1)
21 creatures vanquished.

Notes
Turn   | Place    | Note
-------+----------+-------------------------------------------
     0 | D:1      | blackman the Djinni Chaos Knight began the quest for the
                  | Orb.
     0 | D:1      | Reached XP level 1. HP: 20/20 MP: 0/0
    53 | D:1      | XOM: potion effect (brilliance)
    77 | D:1      | XOM: potion effect (brilliance)
    87 | D:1      | Reached skill level 1 in Spellcasting
    87 | D:1      | Reached XP level 2. HP: 19/25 MP: 0/0
   296 | D:1      | Reached XP level 3. HP: 30/30 MP: 0/0
   296 | D:1      | Learned a level 1 spell: Sandblast
   631 | D:1      | XOM: summons 2 hostile demons
   632 | D:1      | Noticed a sun demon
   634 | D:1      | XOM: butterfly on damage
   634 | D:1      | Slain by a sun demon

Illustrated notes

Levels and vault maps discovered:
D:1:      dpeg_arrival_shelter, layout_loops_ring, st_stairs_3,
          minmay_split_cup_large

Skill      XL: |  1  2  3 |
---------------+----------+-----
Spellcasting   | 1 2 |  2.1
Fighting       | |  3.0
Armour         | |  1.0
Dodging        | |  2.1
Unarmed Combat | |  3.0

Action                   || total
-------------------------++-------
Melee: Unarmed           ||    56
       Dagger            ||    25
 Cast: Sandblast         ||     8
Evoke: Piece from Xom's  ||     3
  Use: Scroll            ||     1
Armor: Leather armour    ||    28
Dodge: Dodged            ||    57

Table legend: (Time is in decaauts)
 A = Elapsed time spent in this place.
 B = Non-inter-level travel time spent in this place.
 C = Inter-level travel time spent in this place.
 D = Time resting spent in this place.
 E = Time spent auto-exploring this place.
 F = Levels seen in this place.
 G = Mean time per level.
                   A        B        C        D        E       F      G
               +--------+--------+--------+--------+--------+-----+--------+
         Total |    633 |    626 |      7 |      0 |    472 |   1 |  633.0 |
       Dungeon |    633 |    626 |      7 |      0 |    472 |   1 |  633.0 |
               +--------+--------+--------+--------+--------+-----+--------+

Top non-repeatable levels by time:
     D:1: 633 daAuts
